 Dungeon Crawl Stone Soup version 0.30.1-4-g462c640d31 (webtiles) character file.

Game seed: 7945460276835219465

82 croobank the Sneak (level 4, -3/31 HPs)
             Began as an Octopode Delver on Aug 21, 2023.
             Slain by a gnoll bouda
             ... wielding a +0 club
              (11 damage)
             ... on level 3 of the Dungeon.
             The game lasted 00:03:27 (1875 turns).

croobank the Sneak (Octopode Delver)                Turns: 1875, Time: 00:03:28

Health: -3/31      AC:  1    Str: 11    XL:     4   Next: 43%
Magic:  0/4        EV: 13    Int: 14    God:
Gold:   108        SH:  0    Dex: 13    Spells: 3/3 levels left

rFire   . . .        a - +0 short sword
rCold   . . .        (no shield)
rNeg    . . .        (helmet restricted)
rPois   +            l - amulet of guardian spirit
rElec   .            o - ring of poison resistance
rCorr   .            (no ring)
SInv    .            (no ring)
Will    .....        (no ring)
Stlth   ++++         (no ring)
HPRegen 0.25/turn    (no ring)
MPRegen 0.09/turn    (no ring)
                     (no ring)

%: guardian spirit
@: weakened
A: almost no armour, amphibious, 8 rings, camouflage 1, gelatinous body 1,
(nimble swimmer 1), tentacles
a: no special abilities


You were on level 3 of the Dungeon.
You visited 1 branch of the dungeon, and saw 6 of its levels.

You collected 108 gold pieces.

Inventory:

Hand Weapons
 a - a +0 short sword (weapon)
 h - a +0 trident
Missiles
 g - 5 boomerangs (quivered)
Armour
 m - a +0 buckler
Magical Staves
 n - a staff of cold
Jewellery
 l - an amulet of guardian spirit (around mantle)
 o - a ring of poison resistance (left tentacle)
 q - a ring of flight
 r - an amulet of reflection
Wands
 f - a wand of digging (3)
Scrolls
 b - a scroll of fog
 c - 2 scrolls of magic mapping
 d - 3 scrolls of identify {unknown}
 i - 3 scrolls of teleportation {unknown}
 j - a scroll of immolation {unknown}
 u - a scroll of poison {unknown}
Potions
 e - a potion of haste
 k - a potion of ambrosia {unknown}
 s - a potion of curing {unknown}
 t - a potion of berserk rage {unknown}
 v - a potion of mutation {unknown}


   Skills:
 + Level 3.5 Fighting
 + Level 2.7 Short Blades
 + Level 2.7 Dodging
 + Level 7.2 Stealth
 + Level 0.5 Shields


You had 3 spell levels left.
You didn't know any spells.
Your spell library was empty.

Dungeon Overview and Level Annotations

Branches:
Dungeon (6/15)
 Temple: D:4-7

Altars:
Kikubaaqudgha
Xom


Innate Abilities, Weirdness & Mutations

You cannot wear most types of armour.
You are amphibious.
You can wear up to eight rings at the same time.
Your skin changes colour to match your surroundings (Stealth+).
Your rubbery body absorbs attacks. (AC +1, EV +1)
((You are camouflaged when in or above water. (Stealth+)))
You have tentacles for arms and can constrict up to eight enemies at once.


Message History

You become entangled in the net!
You see here a throwing net.
You are held in a net!
You are held in a net!
You are held in a net!
You struggle against the net.
The gnoll hits you from afar with a +0 spear.
You struggle against the net.
The bat hits you. The gnoll hits you with a +0 flail.
The gnoll hits you from afar with a +0 spear.
The ball python bites you. The ball python grabs you.
The ball python constricts you.
You shred the net and break free! The gnoll hits you with a +0 flail!
The ball python barely misses you. The ball python constricts you.
The gnoll hits you from afar with a +0 spear.
* * * LOW HITPOINT WARNING * * *
You escape the ball python's grasp.
As you read the scroll of fear, it crumbles to dust.
You assume a fearsome visage.
The ball python looks frightened!
The kobold looks frightened!
The gnoll looks frightened! x4
The bat looks frightened!
The gnoll cowers, then darts away.
The gnoll bouda gazes fiercely through you!
You feel your attacks grow feeble.
The kobold begs for mercy.
Throw: 5 boomerangs
Press: ? - help, Q - select action Shift-Dir - straight line, f - gnoll bouda
Aim: a gnoll bouda, wielding a +0 club and wearing a +0 leather armour (61% to hit)
You throw a boomerang. The boomerang hits the gnoll bouda.
The gnoll bouda is lightly wounded.
The gnoll bouda attacks as you move away!
The gnoll bouda misses you.
Throw: 5 boomerangs
Press: ? - help, Q - select action Shift-Dir - straight line, f/p - gnoll bouda
Aim: a gnoll bouda, wielding a +0 club and wearing a +0 leather armour (lightly wounded, 61% to hit)
You throw a boomerang.
The boomerang hits the gnoll bouda but does no damage.
The gnoll bouda is lightly wounded.
The gnoll bouda hits you with a +0 club!
You die...

#.#.#...#############..
#.#..........# #.<...
#.##########.########.#
####..........
#.......#
#...########.#
#.#####.#
..#.#...##....##.# #.#
...............#.# #
#.. ..#.######.....#.#
.# # #.. #
#........@(#.##b##.#
###.#
#.####....g#...S...#
#....
#.......#.#.#.....#.#
#.....#.......#####..
.........#.#.#.#..
.....
...#.#.#.#g$......
#....
##.#.#...#.#.#.#.#
#.... . #.#####g....g..
..... # #. ......##.
....#


You could see a gnoll bouda.

Vanquished Creatures
  3 adders
  A worm (D:2)
  A dart slug (D:3)
  7 bats
  5 endoplasms
  3 giant cockroaches
  A goblin (D:1)
  5 hobgoblins
  2 jackals (D:1)
  2 quokkas (D:1)
  5 ball pythons
  3 frilled lizards (D:1)
  6 kobolds
  4 rats
48 creatures vanquished.

Notes
Turn   | Place    | Note
-------+----------+-------------------------------------------
     0 | D:5      | croobank the Octopode Delver began the quest for the Orb.
     0 | D:5      | Reached XP level 1. HP: 16/16 MP: 1/1
    10 | D:6      | Noticed a yak
    10 | D:6      | Noticed a yak
    10 | D:6      | Noticed a yak
    25 | D:4      | Found a blossoming altar of Fedhas.
    25 | D:4      | Found a radiant altar of Vehumet.
    25 | D:4      | Found a shadowy altar of Dithmenos.
    25 | D:4      | Found a radiant altar of Vehumet.
    25 | D:4      | Found an ancient bone altar of Kikubaaqudgha.
    25 | D:4      | Found a shimmering altar of Xom.
   226 | D:2      | Reached XP level 2. HP: 17/21 MP: 2/2
   387 | D:1      | Reached XP level 3. HP: 22/26 MP: 3/3
   509 | D:1      | Reached skill level 7 in Stealth
  1214 | D:2      | Reached XP level 4. HP: 28/31 MP: 1/4
  1875 | D:3      | Slain by a gnoll bouda

Illustrated notes

Levels and vault maps discovered:
D:1:      minmay_arrival_stone_box, layout_loops_ring
D:2:      layout_loops_corners, chequers_serial_rivers_micro_e,
          chequers_serial_rivers_small_b
D:3:      layout_basic, grunt_dithmenos_smoke, serial_glass, glass_columns_b,
          glass_columns_b, glass_columns_b, glass_columns_b, glass_columns_b,
          glass_columns_a, glass_columns_a, glass_columns_c, minmay_pentangle
D:4:      layout_loops_ring, kennysheep_mini, doesnt_xom_only_xom,
          minmay_temple_entry_large_hall, chequers_serial_rivers_large_a
D:5:      minmay_recursive_quarters, layout_basic, lemuel_crystal_altar,
          mainiacjoe_overflow_catwalk, serial_shops, shop,
          nicolae_nh_ransacked_shop, uniq_pikel, uniq_duvessa,
          uniq_blork_the_orc
D:6:      layout_rooms, minmay_small_thing, uniq_crazy_yiuf_cottage

Skill      XL: |  1  2  3 |
---------------+----------+-----
Stealth        | 7 |  7.2
Fighting       | |  3.5
Short Blades   | |  2.7
Dodging        | |  2.7
Shields        | |  0.5

Action                     |  1- 3 |  4- 6 || total
---------------------------+-------+-------++-------
  Melee: Short sword       |    76 |    18 ||    94
         Tentacles         |    14 |     4 ||    18
         Constrict         |    13 |     3 ||    16
  Throw: Boomerang         |       |     2 ||     2
    Use: Scroll            |     1 |     1 ||     2
   Stab: Sleeping          |    16 |     5 ||    21
 Armour: Skin              |     3 |       ||     3
  Dodge: Dodged            |    47 |    10 ||    57
